 Dungeon Crawl Stone Soup version 0.14-a0-2019-gd9bc7f0 (webtiles) character file.

952 Kae the Sneak (level 7, -2/32 HPs)
             Began as a Spriggan Enchanter on Jan 19, 2014.
             Slain by Crazy Yiuf
             ... wielding a +3,+2 quarterstaff of chaos
              (3 damage)
             ... on Level 5 of the Dungeon.
             The game lasted 00:11:55 (4661 turns).

Kae the Sneak (Spriggan Enchanter)                  Turns: 4661, Time: 00:11:55

HP  -2/32        AC  3     Str  6      XL: 7   Next: 58%
MP  12/22        EV 18     Int 16      God:
Gold 156         SH  0     Dex 17      Spells:  3 memorised,  9 levels left

rFire  . . .     SeeInvis +     a - +2,+3 orc dagger
rCold  . . .     Clarity  .     j - +1 robe (curse)
rNeg   . . .     Conserve .     (shield restricted)
rPois  .         rCorr    .     (helmet restricted)
rElec  .         rRot     .     (no cloak)
SustAb . .       Spirit   .     (gloves unavailable)
rMut   .         Warding  .     (boots unavailable)
Saprov . . .     Stasis   +     o - amulet of stasis
MR     +....                    (no ring)
                                (no ring)

@: very quick, somewhat resistant to hostile enchantments, very stealthy
A: unfitting armour, see invisible, herbivore 3, speed 3, slow metabolism 2
a: no special abilities


You were on level 5 of the Dungeon.
You were not hungry.

You visited 1 branch of the dungeon, and saw 5 of its levels.

You collected 258 gold pieces.
You spent 102 gold pieces at shops.

Inventory:

Hand weapons
 a - a +2,+3 orcish dagger (weapon)
 b - a +4,+0 elven short sword
Missiles
 d - 12 darts (quivered)
 e - 8 tomahawks
Armour
 j - a cursed +1 robe (worn)
Magical devices
 B - a wand of magic darts (1) {unknown}
Comestibles
 g - 3 bread rations
Scrolls
 f - 5 scrolls of identify
 i - 8 scrolls of teleportation
 n - a scroll of amnesia
 q - a scroll of noise
 r - 4 scrolls of remove curse {unknown}
 s - a scroll of fog {unknown}
 t - a scroll of blinking
 u - a scroll of magic mapping {unknown}
Jewellery
 k - an uncursed amulet of resist mutation
 o - an amulet of stasis (around neck)
 p - an uncursed ring of fire
 y - an uncursed ring of flight {unknown}
Potions
 h - 2 potions of brilliance {unknown}
 l - 3 potions of agility {unknown}
 m - 4 potions of might {unknown}
 v - a potion of lignification {unknown}
 w - 2 potions of curing {unknown}
 x - a potion of speed {unknown}
 z - a potion of magic {unknown}
 A - a potion of heal wounds {unknown}
Books
 c - a book of Maledictions

   Spells                             Type                      Level
   *Corona                            Hexes                        1
   Sure Blade                         Hexes/Charms                 2
   *Ensorcelled Hibernation           Hexes/Ice                    2
   *Confuse                           Hexes                        3
   Enslavement                        Hexes                        4
   Invisibility                       Hexes                        6


   Skills:
 * Level 5.5 Short Blades
 - Level 1.1 Throwing
 - Level 3.0 Dodging
 * Level 7.5 Stealth
 + Level 4.9 Spellcasting
 + Level 5.7 Hexes


You had 9 spell levels left.
You knew the following spells:

 Your Spells              Type           Power        Failure   Level  Hunger
a - Corona                Hex            ###....      1%          1    None
b - Ensorcelled Hibernat  Hex/Ice        ##....       10%         2    #......
c - Confuse               Hex            ###.....     4%          3    ###....


Dungeon Overview and Level Annotations

Branches:
Dungeon (5/16)
 Temple: D:4-7

Altars:
Makhleb
Vehumet
Xom

Shops:
D:4 ??((

Annotations:
D:5 Crazy Yiuf


Innate Abilities, Weirdness & Mutations

You are tiny and cannot use many weapons and most armour.
You have supernaturally acute eyesight.
You are a herbivore.
You cover ground extremely quickly.
You need consume almost no food.


Message History

Aim: Crazy Yiuf, wielding a quarterstaff of chaos and wearing a runed cloak Crazy Yiuf resists with almost no effort.
Crazy Yiuf hits you with a quarterstaff of chaos!
* * * LOW HITPOINT WARNING * * *
Casting: Ensorcelled Hibernation
Confirm with . or Enter, or press ? or * to list all spells.
Aiming: Ensorcelled Hibernation
Press: ? - help, Shift-Dir - straight line, f/p - Crazy Yiuf
Aim: Crazy Yiuf, wielding a quarterstaff of chaos and wearing a runed cloak Crazy Yiuf resists with almost no effort.
Casting: Ensorcelled Hibernation
Confirm with . or Enter, or press ? or * to list all spells.
Aiming: Ensorcelled Hibernation
Press: ? - help, Shift-Dir - straight line, f/p - Crazy Yiuf
Aim: Crazy Yiuf, wielding a quarterstaff of chaos and wearing a runed cloak Crazy Yiuf resists with almost no effort.
Crazy Yiuf hits you with a quarterstaff of chaos!
* * * LOW HITPOINT WARNING * * *
Crazy Yiuf burns you.
You die...

....# ....# ....# ....# ....#
....# #######
[...###...#.########
....#...f..#..##...#
........f.####..@g.# ....#.#.f##
###..)# ....###### ##### ....###
########### ......# #.........#
......################....(....#
...............................#
...>..)........................#
...............................#


You could see Crazy Yiuf.

Vanquished Creatures
  A sky beast (D:5)
  An ogre (D:4)
  A giant frog (D:5)
  A crimson imp (D:5)
  A yellow wasp zombie (D:5)
  2 hounds
  2 orc priests
  2 orc wizards (D:5)
  An iguana (D:4)
  4 worker ants (D:4)
  Jessica (D:2)
  A gnoll (D:4)
  7 adders
  A giant mite (D:2)
  2 worms
  3 giant geckos
  An ooze (D:4)
  3 orcs
  A ball python (D:4)
  14 bats
  4 giant cockroaches
  5 goblins
  7 hobgoblins
  8 jackals (D:3)
  10 kobolds
  A giant gecko skeleton (D:4)
  4 giant newts
  A hobgoblin skeleton (D:5)
  An orc zombie (D:5)
  12 rats
103 creatures vanquished.

Notes
Turn   | Place    | Note
--------------------------------------------------------------
     0 | D:1      | Kae, the Spriggan Enchanter, began the quest for the Orb.
     0 | D:1      | Reached XP level 1. HP: 9/9 MP: 4/4
   181 | D:1      | Reached XP level 2. HP: 11/13 MP: 7/7
   190 | D:1      | Learned a level 2 spell: Ensorcelled Hibernation
   645 | D:1      | Reached skill level 4 in Hexes
   856 | D:2      | Reached XP level 3. HP: 14/16 MP: 6/10
   973 | D:2      | Found a shimmering altar of Xom.
  1283 | D:2      | Reached XP level 4. HP: 21/21 MP: 10/13
  1303 | D:2      | Learned a level 3 spell: Confuse
  1378 | D:2      | Noticed Jessica
  1426 | D:2      | Killed Jessica
  2294 | D:4      | Found Kliosiobbo's Magic Scroll Shoppe.
  2295 | D:4      | Reached XP level 5. HP: 24/24 MP: 17/17
  2303 | D:4      | Found Wuihuk's Magic Scroll Shop.
  2350 | D:4      | Bought a scroll of blinking for 60 gold pieces
  2362 | D:4      | Bought a scroll of teleportation for 42 gold pieces
  2400 | D:4      | Found Selioma's Weapon Boutique.
  2409 | D:4      | Found Emeacwan's Weapon Shop.
  2461 | D:4      | Noticed an ogre
  2472 | D:4      | Killed an ogre
  2472 | D:4      | Reached skill level 5 in Stealth
  2472 | D:4      | Reached XP level 6. HP: 26/28 MP: 18/20
  2585 | D:4      | Reached skill level 5 in Hexes
  2977 | D:4      | Reached skill level 6 in Stealth
  3256 | D:5      | Entered Level 5 of the Dungeon
  3311 | D:5      | Reached skill level 5 in Short Blades
  3311 | D:5      | Reached XP level 7. HP: 21/32 MP: 8/21
  3535 | D:5      | Reached skill level 7 in Stealth
  4615 | D:5      | Found a burning altar of Makhleb.
  4615 | D:5      | Found a radiant altar of Vehumet.
  4651 | D:5      | Noticed Crazy Yiuf
  4661 | D:5      | HP: 1/32 [Crazy Yiuf/quarterstaff of chaos (8)]
  4661 | D:5      | Slain by Crazy Yiuf

Action                   |  1- 3 |  4- 6 |  7- 9 || total
-------------------------+-------+-------+-------++-------
Melee: Dagger            |   105 |   151 |    32 ||   288
 Cast: Corona            |     3 |       |       ||     3
       Ensorcelled Hiber |    19 |    40 |    28 ||    87
       Confuse           |       |     1 |     2 ||     3
  Use: Scroll            |       |     8 |       ||     8
       Potion            |       |     1 |       ||     1
 Stab: Sleeping          |    17 |    27 |    10 ||    54
       Distracted        |       |     1 |       ||     1
